 Dungeon Crawl Stone Soup version 0.31-a0-237-g2d982f9f85 (webtiles) character file.

Game seed: 29176644758565439

88 qw the Shooter (level 4, 0/36 HPs)
             Began as a Minotaur Hexslinger on July 11, 2023.
             Slain by Sigmund
             ... wielding a +0 scythe
              (4 damage)
             ... on level 2 of the Dungeon.
             The game lasted 00:00:25 (853 turns).

qw the Shooter (Minotaur Hexslinger)                 Turns: 853, Time: 00:00:26

Health: 0/36       AC:  4    Str: 13    XL:     4   Next: 30%
Magic:  4/4        EV: 12    Int: 10    God:
Gold:   38         SH:  0    Dex: 14    Spells: 4/5 levels left

rFire   . . .        Y - +2 sling
rCold   . . .        (no shield)
rNeg    . . .        f - +0 leather armour
rPois   .            (helmet restricted)
rElec   .            (no cloak)
rCorr   .            k - +0 pair of gloves
SInv    .            (no boots)
Will    .....        (no amulet)
Stlth   +            (no ring)
HPRegen 0.26/turn    (no ring)
MPRegen 0.09/turn

%: no passive effects
@: no status effects
A: horns 2, retaliatory headbutt
a: no special abilities


You were on level 2 of the Dungeon.
You visited 1 branch of the dungeon, and saw 2 of its levels.

You collected 38 gold pieces.


Innate Abilities, Weirdness & Mutations

You have a pair of horns on your head.
You reflexively headbutt those who attack you in melee.


   Skills:
 - Level 2.0 Fighting
 + Level 4.8 Ranged Weapons
 - Level 2.1 Dodging
 - Level 1.0 Spellcasting
 - Level 2.0 Hexes


You had 4 spell levels left.
You knew the following spells:

 Your Spells              Type           Power      Damage    Failure   Level
a - Slow                  Hex            16%        N/A       19%         1

Your spell library contained the following spells:

 Spells                   Type           Power      Damage    Failure   Level
 Inner Flame              Hex/Fire       2%         N/A       65%         3
 Portal Projectile        Hex/Tloc       4%         N/A       65%         3
 Cause Fear               Hex            2%         N/A       88%         4

Inventory:

Hand Weapons
 Y - a +2 sling (weapon)
Armour
 f - a +0 leather armour (worn)
 k - a +0 pair of gloves (worn)
Scrolls
 a - a scroll of amnesia
Potions
 d - a potion of magic {unknown}
 e - a potion of degeneration {unknown}
 i - a potion of curing {unknown}

Dungeon Overview and Level Annotations

Branches:
Dungeon (2/15)

Altars:

Annotations:
D:2 Sigmund


Message History

You shoot a sling bullet. The sling bullet barely misses Sigmund.
You shoot a sling bullet.
The sling bullet closely misses Sigmund.
Sigmund hits you from afar with a +0 scythe!
You shoot a sling bullet. The sling bullet hits Sigmund.
Sigmund is heavily wounded.
Sigmund hits you from afar with a +0 scythe!
You shoot a sling bullet. The sling bullet hits Sigmund.
Sigmund is heavily wounded.
You shoot a sling bullet.
The sling bullet closely misses Sigmund.
Sigmund hits you from afar with a +0 scythe.
You shoot a sling bullet. The sling bullet hits Sigmund.
Sigmund is severely wounded.
Sigmund hits you from afar with a +0 scythe.
841 ||| READING 2 scrolls labelled POSUAK TYJINUHENI.
As you read the scroll labelled POSUAK TYJINUHENI, it crumbles to dust.
It is a scroll of amnesia.
Really abort (and waste the scroll)?
Sigmund hits you from afar with a +0 scythe.
Sigmund mumbles some strange words.
Sigmund flickers and vanishes!
Deactivating autopickup; reactivate with Ctrl-A.
Autopickup is now on.
A magic dart appears from out of thin air!
Deactivating autopickup; reactivate with Ctrl-A.
The magic dart hits you.
Autopickup is now on.
You start resting.
Something completely misses you. Something hits you but does no damage.
Deactivating autopickup; reactivate with Ctrl-A.
Autopickup is now on.
You start resting.
Something hits you!
Deactivating autopickup; reactivate with Ctrl-A.
Autopickup is now on.
You start resting.
Something hits you.
You die...

[...........# .
##..........# #.
#..........#
.##.######..........#
........##..........##
........##.........<.#
........##.........#..#
.............?.....##.#
.......@##.........# .#
........##.........# #
###########..........
#......##### #.$....#
#......# #.?....#


There were no monsters in sight!

Vanquished Creatures
  Jessica (D:1)
  Terence (D:1)
  A dart slug (D:2)
  7 ball pythons
  3 endoplasms
  6 goblins
  6 hobgoblins
  2 kobolds (D:1)
  3 bats (D:1)
  3 frilled lizards
33 creatures vanquished.

Notes
Turn   | Place    | Note
-------+----------+-------------------------------------------
     0 | D:1      | qw the Minotaur Hexslinger began the quest for the Orb.
     0 | D:1      | Reached XP level 1. HP: 16/16 MP: 1/1
     0 | D:1      | 0 ||| qw: Version: 0.3-a-52-g30416fa
     0 | D:1      | 0 ||| qw: Game counter: 5501
     0 | D:1      | 0 ||| qw: Melee chars always use a shield: true
     0 | D:1      | 0 ||| qw: God list: Okawaru
     0 | D:1      | 0 ||| qw: Allow faded altars: false
     0 | D:1      | 0 ||| qw: Do Orc after clearing Dungeon:15 true
     0 | D:1      | 0 ||| qw: Do second Lair branch before Depths: true
     0 | D:1      | 0 ||| qw: Lair rune preference: random
     0 | D:1      | 0 ||| qw: Goals: Normal
     0 | D:1      | 0 ||| PLANNING D:1-11
    57 | D:1      | Found a faded altar of an unknown god.
   118 | D:1      | Reached skill level 3 in Ranged Weapons
   159 | D:1      | Reached XP level 2. HP: 23/23 MP: 2/2
   169 | D:1      | HP: 4/24 [kobold/+0 short sword (4)]
   585 | D:1      | 585 ||| UPGRADING to +0 leather armour.
   595 | D:1      | 595 ||| DROPPING +0 robe.
   596 | D:1      | 596 ||| UPGRADING to +0 pair of gloves.
   601 | D:1      | 601 ||| READING scroll labelled ERYRU GANGUA.
   602 | D:1      | 602 ||| READING scroll labelled ETESHU LAYMEBB.
   603 | D:1      | 603 ||| READING scroll labelled XUUGEM JOHIE.
   604 | D:1      | 604 ||| DROPPING scroll of poison.
   617 | D:2      | Noticed Jessica
   620 | D:2      | Noticed Terence
   625 | D:2      | 625 ||| STAIRDANCE
   626 | D:2      | Reached XP level 3. HP: 26/29 MP: 3/3
   630 | D:1      | Killed Jessica
   631 | D:1      | Reached skill level 4 in Ranged Weapons
   676 | D:2      | 676 ||| STAIRDANCE
   680 | D:1      | HP: 7/29 [Terence/+0 mace (7)]
   681 | D:1      | HP: 3/29 [Terence/+0 mace (5)]
   683 | D:1      | Killed Terence
   684 | D:1      | Reached XP level 4. HP: 4/36 MP: 4/4
   830 | D:2      | Noticed Sigmund
   841 | D:2      | 841 ||| READING 2 scrolls labelled POSUAK TYJINUHENI.
   852 | D:2      | HP: 3/36 [something (10)]
   853 | D:2      | Slain by Sigmund

Levels and vault maps discovered:
D:1:      dpeg_arrival_erosion, layout_rooms, shapermc_ecumenical_altar_venn,
          skrybe_limestone_x
D:2:      layout_rooms, basic_altar, minmay_fountain_box, uniq_jessica,
          uniq_sigmund, uniq_terence

Skill      XL: |  1  2  3 |
---------------+----------+-----
Ranged Weapons | 3 4 |  4.8
Fighting       | 2 |  2.0
Dodging        | |  2.1
Spellcasting   | |  1.0
Hexes          | |  2.0

Action                     |  1- 3 |  4- 6 || total
---------------------------+-------+-------++-------
   Fire: Sling             |    77 |    22 ||    99
    Use: Scroll            |     3 |     1 ||     4
 Armour: Robe              |     6 |       ||     6
         Leather armour    |    11 |     2 ||    13
  Dodge: Dodged            |    43 |     2 ||    45

Table legend:
 A = Non-vault XP
 B = Vault XP
 C = Vault XP percentage of total XP
 D = Non-vault monster count
 E = Vault monster count
 F = Vault count percentage of total count
                 A         B        C        D         E       F
            +---------+---------+-------+---------+---------+-------
      Total |      54 |      73 |  57.5 |      31 |       2 |   6.1
            +---------+---------+-------+---------+---------+-------
        D:1 |      33 |      73 |  68.9 |      20 |       2 |   9.1
        D:2 |      21 |       0 |   0.0 |      11 |       0 |   0.0
            +---------+---------+-------+---------+---------+-------
